 Dungeon Crawl Stone Soup version 0.23.1 (webtiles) character file.

Game seed: 5630272274548977111

115 Luthien the Magician (level 4, -4/24 HPs)
             Began as a Deep Elf Wizard on Mar 2, 2019.
             Killed by divine providence
             ... invoked by an orc priest
              (13 damage)
             ... on level 3 of the Dungeon.
             The game lasted 00:15:36 (3353 turns).

Luthien the Magician (Deep Elf Wizard)              Turns: 3353, Time: 00:15:38

Health: -4/24      AC:  3    Str:  4    XL:     4   Next: 68%
Magic:  2/13       EV: 13    Int: 23    God:
Gold:   95         SH:  0    Dex: 14    Spells: 9/14 levels left

rFire    x . .     SeeInvis .   f - +0 dagger
rCold    + . .     Gourm    .   (no shield)
rNeg     . . .     Faith    .   w - +0 robe (curse)
rPois    .         Spirit   .   b - +0 hat
rElec    .         Reflect  .   (no cloak)
rCorr    .         Harm     .   v - +0 pair of gloves
MR       .....                  (no boots)
Stlth    ++........             (no amulet)
HPRegen  0.08/turn              p - ring of ice
MPRegen  0.13/turn              (no ring)

@: very slightly contaminated
A: no striking features
a: no special abilities


You were on level 3 of the Dungeon.
You were very hungry.

You visited 1 branch of the dungeon, and saw 3 of its levels.

You collected 95 gold pieces.

Inventory:

Hand Weapons
 e - a +1 vampiric dagger
 f - a +0 dagger (weapon)
 q - a +0 dagger
Missiles
 h - 11 poisoned needles
 k - 56 stones (quivered)
 m - 34 sling bullets
 o - 23 bolts
Armour
 a - a +0 robe
 b - a +0 hat (worn)
 v - a +0 pair of gloves (worn)
 w - a cursed +0 robe (worn)
Jewellery
 p - a ring of ice (left hand)
Scrolls
 c - a scroll of amnesia {unknown}
 g - 3 scrolls of identify {unknown}
 i - a scroll of remove curse {unknown}
 j - a scroll of noise {unknown}
 l - 2 scrolls of teleportation {unknown}
 n - a scroll of enchant armour {unknown}
 r - a scroll of immolation {unknown}
 t - a scroll of magic mapping {unknown}
Potions
 s - a potion of flight {unknown}
 u - a potion of might {unknown}
Comestibles
 d - 6 rations


   Skills:
 - Level 2.4 Dodging
 - Level 2.4 Stealth
 + Level 5.7 Spellcasting
 + Level 3.1 Conjurations
 - Level 2.0 Summonings
 - Level 2.0 Translocations


You had 9 spell levels left.
You knew the following spells:

 Your Spells              Type           Power        Failure   Level  Hunger
a - Magic Dart            Conj           ###.         2%          1    None
b - Blink                 Tloc           N/A          6%          2    None
c - Call Imp              Summ           ###.....     6%          2    None

Your spell library contained the following spells:

 Spells                   Type           Power        Failure   Level  Hunger
 Slow                     Hex            #.......     13%         2    None
 Conjure Flame            Conj/Fire      ##......     14%         3    #......
 Mephitic Cloud           Conj/Pois/Air  ##......     17%         3    #......


Dungeon Overview and Level Annotations

Branches:
Dungeon (3/15)

Altars:


Message History

The orc hits your crimson imp with a +0 hand axe.
Your crimson imp hits the orc but does no damage.
A stone appears from out of your range of vision.
The stone misses your crimson imp.
A stone appears from out of your range of vision.
The stone hits your crimson imp but does no damage.
The orc hits your crimson imp but does no damage.
A goblin comes into view.
The orc priest looks braver for a moment.
Your crimson imp misses the orc.
Your crimson imp hits the goblin.
The stone hits your crimson imp but does no damage.
The stone closely misses your crimson imp.
A stone appears from out of your range of vision.
The stone closely misses the goblin.
The orc closely misses your crimson imp.
The orc priest calls down the wrath of Beogh upon you.
Beogh smites you!
Ouch! That really hurt!
You die...

<......<..# #.#
..).......# #..
.#...###..#####....
###............#.# #
.####.......#####.# .#
.......)....# #.# ..#
######......###
#.####o.#...
#........###..5oag5†...
#......#...@.†####((...
#....)........### ...
######......##......... .
........................
...................[.....
#............#...........
###......................
############...........
#........


You could see a worker ant, an orc priest, an orc, a goblin and 2 friendly
crimson imps.

Vanquished Creatures
  An orc priest (D:3)
  A gnoll (D:1)
  2 adders (D:2)
  An ooze (D:1)
  A worm (D:2)
  2 leopard geckos (D:1)
  An orc (D:3)
  A ball python (D:3)
  A giant cockroach (D:1)
  6 goblins
  4 hobgoblins
  A jackal (D:2)
  2 quokkas (D:2)
  2 bats (D:2)
  4 frilled lizards
  3 kobolds (D:2)
  15 rats
48 creatures vanquished.

Vanquished Creatures (collateral kills)
  A dart slug (D:1)
  2 leopard geckos (D:2)
  A giant cockroach (D:2)
  2 hobgoblins (D:1)
  2 jackals (D:2)
  A bat (D:1)
  A frilled lizard (D:2)
10 creatures vanquished.

Grand Total: 58 creatures vanquished

Notes
Turn   | Place    | Note
-------+----------+-------------------------------------------
     0 | D:1      | Luthien the Deep Elf Wizard began the quest for the Orb.
     0 | D:1      | Reached XP level 1. HP: 10/10 MP: 7/7
    28 | D:1      | Reached XP level 2. HP: 5/15 MP: 0/9
    43 | D:1      | Learned a level 2 spell: Blink
    70 | D:1      | Learned a level 2 spell: Call Imp
   282 | D:1      | Reached skill level 5 in Spellcasting
   783 | D:1      | Reached XP level 3. HP: 16/19 MP: 7/11
  2219 | D:2      | Reached XP level 4. HP: 24/24 MP: 5/13
  3353 | D:3      | Killed from afar by an orc priest

Skill      XL: |  1  2  3  4 |
---------------+-------------+-----
Conjurations   | 2 3 |  3.1
Spellcasting   | 5 |  5.7
Summonings     | 2 |  2.0
Translocations | 2 |  2.0
Dodging        | |  2.4
Stealth        | |  2.4

Action                   |  1- 3 |  4- 6 || total
-------------------------+-------+-------++-------
 Cast: Magic Dart        |    83 |    23 ||   106
       Call Imp          |    31 |    12 ||    43
  Eat: Chunk             |     3 |     3 ||     6
Armor: Robe              |     9 |       ||     9
Dodge: Dodged            |    32 |    10 ||    42
